 Dungeon Crawl Stone Soup version 0.23.2-1-ga50397a (webtiles) character file.

Game seed: 5309646147128013314

4995 xveg the Slinger (level 10, -7/69 HPs)
             Began as a Halfling Hunter on May 15, 2019.
             Was a Follower of Fedhas.
             Mangled by a five-headed hydra (8 damage)
             ... on level 11 of the Dungeon.
             The game lasted 00:19:12 (6950 turns).

xveg the Slinger (Halfling Hunter)                  Turns: 6950, Time: 00:19:15

Health: -7/69      AC: 13    Str: 16    XL:     10   Next: 83%
Magic:  19/19      EV: 17    Int:  9    God:    Fedhas [*.....]
Gold:   507        SH:  0    Dex: 21    Spells: 9/9 levels left

rFire    . . .     SeeInvis .   b - +2 mace (protect)
rCold    . . .     Gourm    .   (shield restricted)
rNeg     . . .     Faith    .   r - +1 scale mail
rPois    .         Spirit   .   p - +0 helmet
rElec    .         Reflect  .   H - +1 cloak
rCorr    .         Harm     .   (no gloves)
MR       .....                  u - +0 pair of boots
Stlth    +.........             (no amulet)
HPRegen  0.21/turn              m - ring of magical power
MPRegen  0.16/turn              i - +5 ring of dexterity

@: no status effects
A: small, mutation resistance 1
a: Fungal Bloom, Sunlight, Renounce Religion


You were on level 11 of the Dungeon.
You worshipped Fedhas.
Fedhas was aware of your devotion.
You were not hungry.

You visited 1 branch of the dungeon, and saw 10 of its levels.

You collected 507 gold pieces.

Inventory:

Hand Weapons
 a - a +3 hunting sling
 b - a +2 mace of protection (weapon)
 I - a +0 short sword
Missiles
 e - 102 stones (quivered)
 h - 2 javelins
Armour
 c - a +0 leather armour
 p - a +0 helmet (worn)
 r - a +1 scale mail (worn)
 u - a +0 pair of boots (worn)
 H - a +1 cloak (worn)
Jewellery
 i - a +5 ring of dexterity (right hand)
 m - a ring of magical power (left hand)
 t - a cursed ring of teleportation
 x - a cursed ring of attention
 C - a cursed ring of stealth
Wands
 d - a wand of iceblast (3)
 q - a wand of paralysis (5)
 y - a wand of acid (15)
 A - a wand of polymorph (5)
Scrolls
 j - 4 scrolls of identify
 k - 2 scrolls of magic mapping
 o - 7 scrolls of remove curse
 z - a scroll of amnesia
Potions
 l - 6 potions of flight
 n - a potion of mutation {unknown}
 E - a potion of ambrosia {unknown}
 F - a potion of invisibility {unknown}
 J - a potion of haste {unknown}
Comestibles
 f - 15 rations


   Skills:
 + Level 6.6 Fighting
 + Level 1.5 Maces & Flails
 + Level 14.1 Slings
 * Level 7.1 Armour
 * Level 7.4 Dodging
 + Level 1.6 Stealth
 + Level 0.5 Evocations


You had 9 spell levels left.
You didn't know any spells.
Your spell library contained the following spells:

 Spells                   Type           Power        Failure   Level  Hunger
 Poisonous Vapours        Pois/Air       #.....       88%         2    ###....
 Conjure Flame            Conj/Fire      #.......     98%         3    ####...
 Mephitic Cloud           Conj/Pois/Air  #.......     98%         3    ####...
 Freezing Cloud           Conj/Ice/Air   #.........   100%        6    #######
 Ring of Flames           Chrm/Fire      #.........   100%        7    #######


Dungeon Overview and Level Annotations

Branches:
Dungeon (9/15)             Temple (0/1) D:6
   Lair: D:8-11         Orc: D:9-12

Altars:
Fedhas
Gozag
Okawaru
Trog
The Shining One

Shops:
D:8 (   D:11 =


Innate Abilities, Weirdness & Mutations

You are small and have problems with some larger weapons.
You are somewhat resistant to further mutation.


Message History

The five-headed hydra bites you but does no damage.
The five-headed hydra barely misses you.
The five-headed hydra bites you.
* * * LOW HITPOINT WARNING * * *
The five-headed hydra bites you.
* * * LOW HITPOINT WARNING * * *
The five-headed hydra completely misses you.
The orc hits you with a +0 mace.
* * * LOW HITPOINT WARNING * * *
Aiming: Paralyse
Press: ? - help, Shift-Dir - straight line, f/p - five-headed hydra
Aim: a five-headed hydra (heavily wounded, chance to defeat MR: 16%)
The five-headed hydra resists with almost no effort.
The five-headed hydra bites you but does no damage.
The five-headed hydra bites you.
* * * LOW HITPOINT WARNING * * *
The five-headed hydra bites you but does no damage.
The five-headed hydra bites you!
You die...
Fedhas appreciates your contribution to the ecosystem.

###+# ...# .####
.>.##..(.. ...#(....
.⌠.⌠(....
#########.∩(.....
#...)....⌠D⌠.....
#........@o......
....................
.....................
.........[...........
###..................
#..................
#.....######.....##
#..... .....# ...
.....#


You could see a five-headed hydra and an orc.

Vanquished Creatures
  The ghost of shadizar the Blocker, a novice GrFi (D:8)
  Pikel (D:6)
  4 hogs (D:7)
  A human (D:7)
  An orc warrior (D:6)
  3 sky beasts (D:7)
  3 ice beasts
  A slave (D:6)
  A black bear (D:5)
  3 phantoms
  2 ogres
  5 centaurs
  4 bullfrogs
  A scorpion (D:11)
  A water moccasin skeleton (D:5)
  5 howler monkeys
  An electric eel (D:6)
  4 crimson imps
  A hound (D:7)
  3 jellies
  2 bullfrog skeletons
  3 orc priests
  8 orc wizards
  4 iguanas
  4 worker ants
  A killer bee zombie (D:8)
  2 hound zombies
  3 worker ant zombies
  5 gnolls
  11 adders
  2 shadow imps
  2 oozes
  An adder zombie (D:6)
  2 adder skeletons
  6 worms
  A dart slug (D:2)
  3 leopard geckos
  29 orcs
  A ball python (D:2)
  8 bats
  9 giant cockroaches
  5 goblins (D:3)
  3 hobgoblins
  4 jackals (D:7)
  5 quokkas
  5 frilled lizards
  2 jackal zombies
  10 kobolds
  2 quokka zombies
  7 rats
196 creatures vanquished.

Vanquished Creatures (others)
  2 slaves (D:6)
2 creatures vanquished.

Grand Total: 198 creatures vanquished

Notes
Turn   | Place    | Note
-------+----------+-------------------------------------------
     0 | D:1      | xveg the Halfling Hunter began the quest for the Orb.
     0 | D:1      | Reached XP level 1. HP: 14/14 MP: 1/1
    13 | D:1      | Reached skill level 6 in Slings
    56 | D:1      | Reached XP level 2. HP: 19/19 MP: 2/2
   589 | D:2      | Reached XP level 3. HP: 24/24 MP: 3/3
   603 | D:2      | Reached skill level 7 in Slings
   891 | D:2      | Reached XP level 4. HP: 28/29 MP: 4/4
  1047 | D:2      | Reached skill level 8 in Slings
  1047 | D:2      | Reached skill level 1 in Armour
  1047 | D:2      | Reached XP level 5. HP: 27/34 MP: 5/5
  1473 | D:3      | Reached XP level 6. HP: 39/39 MP: 6/6
  1590 | D:3      | Found a blossoming altar of Fedhas.
  1599 | D:3      | Became a worshipper of Fedhas Madash
  1892 | D:4      | Noticed an ogre
  1898 | D:4      | Killed an ogre
  1898 | D:4      | Reached skill level 9 in Slings
  2000 | D:4      | Reached XP level 7. HP: 42/45 MP: 7/7
  2266 | D:5      | Entered Level 5 of the Dungeon
  2327 | D:5      | Reached skill level 10 in Slings
  2511 | D:5      | Reached XP level 8. HP: 52/52 MP: 8/8
  2812 | D:5      | Reached * piety under Fedhas
  3026 | D:6      | Reached skill level 11 in Slings
  3035 | D:6      | Noticed Pikel
  3076 | D:6      | Killed Pikel
  3076 | D:6      | Reached skill level 5 in Dodging
  3076 | D:6      | Reached XP level 9. HP: 20/58 MP: 9/9
  3209 | D:6      | Found an iron altar of Okawaru.
  3209 | D:6      | Found a bloodstained altar of Trog.
  3285 | D:6      | Found an opulent altar of Gozag.
  3290 | D:6      | Reached skill level 12 in Slings
  3661 | D:6      | Found a staircase to the Ecumenical Temple.
  3924 | D:7      | Reached skill level 5 in Armour
  3959 | D:7      | Reached skill level 13 in Slings
  4457 | D:7      | Reached skill level 5 in Fighting
  4582 | D:7      | Reached skill level 1 in Maces & Flails
  4746 | D:7      | Reached XP level 10. HP: 55/66 MP: 10/10
  4752 | D:7      | Found a glowing golden altar of the Shining One.
  5787 | D:8      | Found Ulass's Antique Weapon Boutique.
  5934 | D:8      | Found a runed translucent gate.
  5934 | D:8      | Found a runed translucent gate.
  5934 | D:8      | Found a runed translucent gate.
  5935 | D:8      | Found an opulent altar of Gozag.
  5936 | D:8      | Noticed shadizar's ghost (novice GrFi)
  6246 | D:8      | Killed shadizar's ghost
  6246 | D:8      | Reached skill level 14 in Slings
  6258 | D:8      | HP: 1/69 [centaur/arrow (6)]
  6839 | D:9      | You fall through a shaft for 2 floors!
  6904 | D:11     | Noticed a five-headed hydra
  6918 | D:11     | Found Seownesch's Jewellery Boutique.
  6949 | D:11     | HP: 3/69 [orc/+0 mace (2)]
  6950 | D:11     | HP: 1/69 [five-headed hydra (2)]
  6950 | D:11     | Mangled by a five-headed hydra

Skill      XL: |  1  2  3  4  5  6  7  8  9 10 |
---------------+-------------------------------+-----
Slings         | 6 7 8 9 10 11 13 14 | 14.1
Fighting       | 2 3 5 6 |  6.6
Armour         | 1 2 4 5 7 |  7.1
Dodging        | 3 4 5 6 7 |  7.4
Maces & Flails | 1 |  1.5
Stealth        | |  1.6
Evocations     | |  0.5

Action                   |  1- 3 |  4- 6 |  7- 9 | 10-12 || total
-------------------------+-------+-------+-------+-------++-------
Melee: Mace              |       |       |    38 |    13 ||    51
       Hunting sling     |       |       |     2 |       ||     2
 Fire: Hunting sling     |    86 |   145 |   477 |   331 ||  1039
Invok: Fungal Bloom      |       |       |       |     2 ||     2
Evoke: Wand              |       |       |       |    10 ||    10
  Use: Scroll            |       |       |     8 |    11 ||    19
       Potion            |       |       |       |    14 ||    14
  Eat: Chunk             |       |     2 |       |       ||     2
       Ration            |       |     1 |     2 |     2 ||     5
Armor: Leather armour    |     4 |       |       |       ||     4
       Scale mail        |     3 |    13 |    73 |    50 ||   139
       Skin              |       |       |       |    38 ||    38
Dodge: Dodged            |    14 |    21 |   111 |   106 ||   252
